Cogmind - Beta 11.1 --- EXPLORER MODE // 2022.05.23 @ 21:35:15 Player: C4ckw1z11 Result: Self-destructed Performance ------------- Evolutions (1) 500 Regions Visited (3) 600 Robots Destroyed (31) 155 Value Destroyed (651) 651 Prototype IDs (0) 0 Alien Tech Used (0) 0 Bonus (0) 0 TOTAL SCORE: 1906 Bonus ------- None Cogmind --------- Core Integrity 251/400 Matter 260/300 Energy 96/100 System Corruption 0% Temperature Cool (0) Movement Walking (120) Location -9/Mines Parts ------- > --- POWER (2) -------- (None) > --- PROPULSION (3) --- Improved Aluminum Leg Improved Aluminum Leg > --- UTILITY (3) ------ Improved Heat Sink Targeting Computer Weapon Shielding > --- WEAPON (2) ------- Beam Cannon Beam Cannon > --- INVENTORY (5) ---- Datajack Peak State ------------ > --- POWER ------------ Ion Engine Light Nuclear Core > --- PROPULSION ------- Aluminum Leg Improved Aluminum Leg Improved Aluminum Leg > --- UTILITY ---------- Improved Heat Sink Targeting Computer Weapon Shielding > --- WEAPON ----------- Beam Cannon Beam Cannon > --- INVENTORY -------- Aluminum Leg Datajack [Rating: 16] Favorites ----------- Power Ion Engine Engine Ion Engine Power Core Light Nuclear Core Propulsion Aluminum Leg Leg Aluminum Leg Utility Weapon Shielding Device Improved Heat Sink Storage Large Battery Processor Targeting Computer Protection Weapon Shielding Weapon Beam Cannon Energy Cannon Beam Cannon Ballistic Gun Assault Rifle Impact Weapon Heavy Mace Special Melee Weapon Datajack Build | -11 -10 -9 -9 ------- Run | Scr Mat Mat Min Slots Evolved 3 | . 1 2 . Power 1 | . 1 . . Propulsion 1 | . . 1 . Utility 1 | . . 1 . Weapon . | . . . . Parts Attached 34 | 7 10 15 2 Power 6 | 1 2 3 . Engine 4 | 1 2 1 . Core 2 | . . 2 . Reactor . | . . . . Propulsion 7 | 2 2 3 . Treads . | . . . . Leg 7 | 2 2 3 . Wheel . | . . . . Hover . | . . . . Flight . | . . . . Utility 5 | 2 1 2 . Device 1 | . . 1 . Storage 1 | . . 1 . Processor 2 | 1 1 . . Hackware . | . . . . Protection 1 | 1 . . . Artifact . | . . . . Weapon 16 | 2 5 7 2 Energy Gun . | . . . . Energy Cannon 8 | . 3 4 1 Ballistic Gun 4 | 2 2 . . Ballistic Cannon . | . . . . Launcher . | . . . . Special Weapon . | . . . . Impact Weapon 2 | . . 2 . Slashing Weapon . | . . . . Piercing Weapon . | . . . . Special Melee Weapon 2 | . . 1 1 Unidentified Prototypes . | . . . . Parts Lost 2 | . . . 2 Power 1 | . . . 1 Propulsion 1 | . . . 1 Utility . | . . . . Weapon . | . . . . Highest Loss Streak 2 | . . . 2 To Critical Strikes . | . . . . Average Slot Usage (%) 93 | . 86 98 90 Engine 12 | . 12 12 7 Core 5 | . . 7 7 Leg 27 | . 24 29 25 Device 5 | . . 8 10 Storage 1 | . . 1 . Processor 10 | . 11 10 10 Protection 10 | . 12 10 10 Energy Cannon 14 | . 9 17 17 Ballistic Gun 5 | . 14 . . Naked Turns . | . . . . Heaviest Build 18 | 7 15 18 18 Greatest Support 36 | 20 20 36 36 Greatest Overweight (x) 1 | . 1 . . Average Overweight (x) . | . . . . Largest Inventory Capacity 5 | 5 5 5 5 Average Capacity 5 | 5 5 5 5 Most Carried 5 | 5 3 5 1 Average Carried . | . . . 1 Final Capacity 5 | 5 5 5 5 Final Carried 1 | . 1 1 1 Class Distribution -------------------- 100% | Hacker-Mutant Dominant Class ---------------- Hacker-Mutant | -10/Materials Hacker-Mutant | -9/Materials Hacker-Mutant | -9/Mines Resources | -11 -10 -9 -9 ----------- Run | Scr Mat Mat Min Matter Collected 623 | 263 160 200 . Remotely . | . . . . Salvage Created 999 | 62 175 731 31 Parts 68 | 7 16 45 . Haulers Intercepted 1 | . . 1 . Recyclers Shooed 1 | 1 . . . Parts Field Recycled . | . . . . Retrieved Matter . | . . . . Parts Self-Destructed . | . . . . Prevented . | . . . . Kills | -11 -10 -9 -9 ------- Run | Scr Mat Mat Min Combat Hostiles Destroyed 21 | . 4 15 2 Guns 3 | . 3 . . Cannons 17 | . 1 15 1 Classes Destroyed 10 | 1 3 5 1 Builder 1 | . . 1 . Tunneler 3 | 3 . . . Hauler 1 | . . 1 . Recycler 1 | . 1 . . Operator 1 | . . 1 . Watcher 5 | . 1 4 . Swarmer 9 | . 4 5 . Grunt 5 | . . 5 . Sentry 5 | . . 5 . Assembled 2 | . . . 2 Best Kill Streak 7 | 3 2 7 2 Combat Bots Only 4 | . 2 4 2 Max Kills in Single Turn 2 | 1 1 2 1 Gunslinging . | . . . . Exploded . | . . . . Melee . | . . . . Uniques/NPCs Destroyed . | . . . . Combat | -11 -10 -9 -9 -------- Run | Scr Mat Mat Min Damage Taken 718 | . 46 295 377 Core 155 | . 6 29 120 Absorbed by Shields . | . . . . Redirected to Shielding 47 | . 6 20 21 Core Remaining (%) 98 | 100 97 . . Volleys Fired 70 | 9 13 42 6 Largest 2 | 2 2 2 2 Hottest 120 | 40 120 120 120 Shots Fired 132 | 18 26 79 9 Gun 33 | 18 15 . . Cannon 99 | . 11 79 9 Launcher . | . . . . Special . | . . . . Kinetic 33 | 18 15 . . Thermal 99 | . 11 79 9 Explosive . | . . . . Electromagnetic . | . . . . Robot Hit Streak 20 | 8 6 20 4 Robot Miss Streak 2 | 1 2 2 1 Penetration Max . | . . . . Secondary Targets . | . . . . Shots Hit Robots 104 | 12 17 67 8 Core Hits 42 | 5 7 29 1 Critical Kills 2 | . 1 . 1 Critical Parts Destroyed . | . . . . Critical Strikes 2 | . 1 . 1 Meltdown 1 | . . . 1 Destroy 1 | . 1 . . Melee Attacks 5 | . . 3 2 Impact . | . . . . Slashing . | . . . . Piercing . | . . . . Sneak Attacks 3 | . . 3 . Combat Hostiles . | . . . . Follow-up Attacks . | . . . . Damage Inflicted 1570 | 118 228 1121 103 Guns 221 | 118 103 . . Cannons 1346 | . 122 1121 103 Explosions . | . . . . Melee . | . . . . Ramming 3 | . 3 . . Kinetic 221 | 118 103 . . Thermal 1346 | . 122 1121 103 Explosive . | . . . . Electromagnetic . | . . . . Impact . | . . . . Slashing . | . . . . Piercing . | . . . . Highest Corruption . | . . . . Average Corruption . | . . . . Corruption Purged . | . . . . Corruption Blocked . | . . . . Overload Shots . | . . . . Overflow Damage 29 | . 12 6 11 Projectiles 29 | . 12 6 11 Explosions . | . . . . Melee . | . . . . Knockbacks . | . . . . Impact . | . . . . Kinetic . | . . . . Secondary . | . . . . Self-Inflicted Damage . | . . . . Shots . | . . . . Rammed . | . . . . Targets Rammed 2 | . 2 . . Kicked 2 | . 2 . . Crushed . | . . . . Highest Temperature 324 | . 180 324 80 Average Temperature 88 | . 63 99 28 Received Heat Transfer 336 | . . 156 180 Effects 1 | . . 1 . Matter Decay 1 | . . 1 . Siege Activations . | . . . . Robots Corrupted . | . . . . Combat Hostiles . | . . . . Parts Fried . | . . . . Impact Corruptions . | . . . . Robots Melted 1 | . . . 1 Combat Hostiles 1 | . . . 1 Parts Melted 13 | . 1 12 . Heat Transferred 2849 | . 259 2368 222 Parts Sabotaged . | . . . . Parts Stolen . | . . . . Parts Stripped . | . . . . Power Chain Reactions . | . . . . Missiles Intercepted . | . . . . Alert | -11 -10 -9 -9 ------- Run | Scr Mat Mat Min Peak Influence 341 | 15 144 341 . Initial 7 | . 7 1 . Average 93 | 4 52 129 . Maximum Alert Level 1 | . . 1 . Low Security (%) 78 | 100 100 63 100 Level 1 21 | . . 36 . Level 2 . | . . . . Level 3 . | . . . . Level 4 . | . . . . Level 5 . | . . . . High Security . | . . . . Max Security . | . . . . Squads Dispatched . | . . . . Investigation . | . . . . Extermination . | . . . . Reinforcement . | . . . . Assault . | . . . . Garrison . | . . . . Intercept . | . . . . Searches Triggered . | . . . . Construction Impeded . | . . . . Haulers Reinforced . | . . . . Active Scanning Responses . | . . . . Cargo Convoy Interrupts . | . . . . Stealth | -11 -10 -9 -9 --------- Run | Scr Mat Mat Min Distress Signals 2 | . . 2 . Communications Jammed . | . . . . Distress Signals . | . . . . Times Spotted 43 | . 7 20 16 Peak Tracking Total 16 | . 3 4 16 Tactical Retreats . | . . . . Traps | -11 -10 -9 -9 ------- Run | Scr Mat Mat Min Traps Triggered 2 | . 2 . . Indirectly . | . . . . Trap Hack Attempts . | . . . . Triggered . | . . . . Disarmed . | . . . . Reprogrammed . | . . . . Reused . | . . . . Traps Extracted . | . . . . Installed . | . . . . Triggered . | . . . . Machines | -11 -10 -9 -9 ---------- Run | Scr Mat Mat Min Machines Disabled 1 | . . 1 . Max in Single Turn 1 | . . 1 . Machines Sabotaged . | . . . . Garrisons Compromised . | . . . . Overloaded Fab Kills . | . . . . Hacking | -11 -10 -9 -9 --------- Run | Scr Mat Mat Min Machines Accessed . | . . . . Terminals . | . . . . Fabricators . | . . . . Repair Stations . | . . . . Recycling Units . | . . . . Scanalyzers . | . . . . Garrison Access . | . . . . Total Hacks . | . . . . Successful . | . . . . Failed . | . . . . Catastrophic . | . . . . Database Lockouts . | . . . . Manual . | . . . . Terminals . | . . . . Fabricators . | . . . . Repair Stations . | . . . . Recycling Units . | . . . . Scanalyzers . | . . . . Garrison Access . | . . . . Terminal Hacks . | . . . . Fabricator Hacks . | . . . . Repair Station Hacks . | . . . . Recycling Unit Hacks . | . . . . Scanalyzer . | . . . . Garrison Access Hacks . | . . . . Unauthorized Hacks . | . . . . Terminals . | . . . . Fabricators . | . . . . Repair Stations . | . . . . Recycling Units . | . . . . Scanalyzers . | . . . . Garrison Access . | . . . . Data Cores Recovered 1 | . . 1 . Used . | . . . . Hacking Detections . | . . . . Full Trace Events . | . . . . Feedback Events . | . . . . Feedback Blocked . | . . . . Robot Schematics Acquired . | . . . . Robots Built . | . . . . Authchips . | . . . . Time . | . . . . Total Robot Build Rating . | . . . . Part Schematics Acquired . | . . . . Parts Built . | . . . . Authchips . | . . . . Time . | . . . . Total Part Build Rating . | . . . . Parts Repaired . | . . . . Time . | . . . . Parts Recycled . | . . . . Recycled Matter . | . . . . Retrieved Matter . | . . . . Retrieved Components . | . . . . Parts Scanalyzed . | . . . . Part Schematics Acquired . | . . . . Parts Damaged . | . . . . Bothacking | -11 -10 -9 -9 ------------ Run | Scr Mat Mat Min Used RIF Installer . | . . . . Robots Hacked 2 | . . 1 1 Non-combat 1 | . . 1 . Combat 1 | . . . 1 Robot Hacks Applied 2 | . . 1 1 parse_system 2 | . . 1 1 Relay Couplers Released . | . . . . Fabnet Peak Effective % . | . . . . Robots Rewired . | . . . . Allies Hacked . | . . . . Hacks Repelled . | . . . . Allies | -11 -10 -9 -9 -------- Run | Scr Mat Mat Min Total Allies . | . . . . Largest Group . | . . . . Highest-Rated Group . | . . . . Highest-Rated Ally . | . . . . Total Orders . | . . . . Ally Attacks . | . . . . Total Damage . | . . . . Kills . | . . . . Allies Corrupted . | . . . . Allies Melted . | . . . . Intel | -11 -10 -9 -9 ------- Run | Scr Mat Mat Min Robot Analysis Total . | . . . . Derelict Logs Recovered . | . . . . Drone Launches . | . . . . Drone Recoveries . | . . . . Exploration | -11 -10 -9 -9 ------------- Run | Scr Mat Mat Min Turns Passed 1502 | 95 488 882 37 Spaces Moved 949 | 65 345 533 6 Core 34 | 29 5 . . Treads . | . . . . Legs 915 | 36 340 533 6 Wheels . | . . . . Hover . | . . . . Flight . | . . . . Fastest Speed 50 | 50 100 120 120 Average Speed 117 | 88 119 120 120 Slowest Speed 120 | 120 120 120 120 Overloaded Moves . | . . . . Propulsion Burnouts . | . . . . Robots Hopped . | . . . . Cave-ins Triggered . | . . . . Exploration Rate (%) 33 | 4 66 54 8 Regions Visited 3 Branch Regions 1 Pre-discovered Areas . | . . . . Known Exits Taken 3 | 1 1 1 . Unknown Exits Taken . | . . . . Scrap Searched . | . . . . Spaces Dug . | . . . . Terrain Destroyed . | . . . . Melee . | . . . . Projectile . | . . . . AOE . | . . . . Terrain Rammed . | . . . . Walls Destroyed . | . . . . Machines Disabled . | . . . . Actions | -11 -10 -9 -9 --------- Run | Scr Mat Mat Min Total 1196 | 85 394 693 24 Wait 102 | . 9 85 8 Move 946 | 64 344 532 6 Hop . | . . . . Pick Up 24 | 5 11 8 . Fast Attach 2 | 2 . . . Attach 15 | 5 6 4 . Detach 3 | . 1 2 . Swap 17 | . 4 11 2 Drop 10 | . 4 6 . Fire 70 | 9 13 42 6 Melee 5 | . . 3 2 Ram . | . . . . Kick 2 | . 2 . . Crush . | . . . . Escape Stasis . | . . . . Rewire . | . . . . Trap . | . . . . Miscellaneous . | . . . . Route ------- -11/Scrapyard -10/Materials (discovered 2 exits: *Mat x2) -9/Materials (discovered 5 exits: *Mat x2 / *Min x2 / *Sto) -9/Mines History --------- Turn | Location | Event 3 | -11/Scrapyard | Identified exit to Materials 3 | -11/Scrapyard | Discovered exit to Materials (range 16) 96 | -11/Scrapyard | Entered Materials 96 | -10/Materials | Evolved 1 slot: Power x1 224 | -10/Materials | Identified exit to Materials 224 | -10/Materials | Discovered exit to Materials (range 12) 307 | -10/Materials | Build established: Hacker-Mutant 354 | -10/Materials | Discovered exit to Materials (range 9) 584 | -10/Materials | Entered another Materials area 584 | -9/Materials | Evolved 2 slots: Propulsion x1, Utility x1 829 | -9/Materials | Identified exit to Mines 829 | -9/Materials | Discovered exit to Mines (range 12) 918 | -9/Materials | Identified exit to Materials 918 | -9/Materials | Discovered exit to Materials (range 16) 1126 | -9/Materials | Discovered exit to Materials (range 15) 1248 | -9/Materials | Discovered exit to Mines (range 16) 1326 | -9/Materials | Identified exit to Storage 1326 | -9/Materials | Discovered exit to Storage (range 6) 1466 | -9/Materials | Entered Mines 1467 | -9/Mines | Assembled infested the area 1503 | -9/Mines | Self-destructed Last Messages --------------- K-01 Serf collects debris. LOCATION=MINES GOAL=ESCAPE Something is scanning the area. ALERT: Infestation in the mines, dispatching Demolisher response squad. as-89004 suffers critical hit (Meltdown). [Achievement: It's Just You] Jacked as-52091... >>parse_system Reading system data... Jacked as-52091... Command string: self No effect. Aluminum Leg destroyed. Lgt. Nuclear Core destroyed. Ion Engine severed. Destroyed Asb. Hover Unit. as-52091 destroyed. as-24906 destroyed. as-40062 destroyed. Map ----- +----------------------------------------------------+ | ?????????????????????????????????????????????????? | | ?????????????????????????????????????????????????? | | ?????????????????????????????????????????????????? | | ?????????????????????????????????????????????????? | | ?????????????????????????????????????????????????? | | ?????????????????????????????????????????????????? | | ?????????????????????????????????????????????????? | | ?????????????????????????????????????????????????? | | ?????????????????????????????????????????????????? | | ?????????????????????????? ??????????????????????? | | ???????????????????????? ??????????????????????? | | ???????????????????????? ??????????????????????? | | ???????????????????????? ??????????????????????? | | ???????????????????????# ??????????????????????? | | ??????????????????????? ??????????????????????? | | ??????????????????????? ??????????????????????? | | ???????????????????????# ??????????????????????? | | ???????????????????????# ??????????????????????? | | ???????????????????????# ??????????????????????? | | ???????????????????????# ??????????????????????? | | ???????????????????????# #??????????????????????? | | ???????????????????????#a #??????????????????????? | | ??????????????????##???# #??????????????????????? | | ?????????????????## ??#% #??????????????????????? | | ?????????????????# ##a%##?????????????????????? | | ????????????????# @ ##????????????????????? | | ???????????????# """" #????????????????????? | | ?????????????# """" ##???????????????????? | | ????????????# """" ##??????????????????? | | ???????????? ## #??????????????????? | | ???????????? ???## ### #?????????????????? | | ??????????????????####??## #????????????????? | | ?????????????????????????# #????????????????? | | ?????????????????????????## #????????????????? | | ??????????????????????????### ##????????????????? | | ?????????????????????????????###?????????????????? | | ?????????????????????????????????????????????????? | | ?????????????????????????????????????????????????? | | ?????????????????????????????????????????????????? | | ?????????????????????????????????????????????????? | | ?????????????????????????????????????????????????? | | ?????????????????????????????????????????????????? | | ?????????????????????????????????????????????????? | | ?????????????????????????????????????????????????? | | ?????????????????????????????????????????????????? | | ?????????????????????????????????????????????????? | | ?????????????????????????????????????????????????? | | ?????????????????????????????????????????????????? | | ?????????????????????????????????????????????????? | | | +----------------------------------------------------+ Best States ------------- Heat Dissipation 42 Energy Generation 19 Energy Capacity 475 Matter Stores 300 Matter Capacity 300 Sight Range 16 Terrain Scan Density 10 Resistance: KI 35 Resistance: TH 35 Resistance: EX 35 Resistance: EM 35 Resistance: I 35 Resistance: S 35 Resistance: P 35 Weapon Shielding 33 Evasion (%) 55 Targeting Accuracy 5 Offensive Hacking 20 Item Schematics ----------------- None Robot Schematics ------------------ None Fabricated ------------ Nothing Alien Tech Used ----------------- None Achievements -------------- It's Just You Challenges ------------ None Game ------ Seed ArchitectCoolingHammer Manual? 0 Play Time 00:14:18 Cumulative 2.1 hours Start 2022.05.23 @ 20:41:01 End 2022.05.23 @ 21:35:15 Sessions 1 Manual Loads 0 Difficulty Explorer Special Mode None Game No. 8 Rogue 0 Adventurer 0 Explorer 8 Win Type - Total 0 Types 0/0/0/0/0/0/0/0/0 Lore% 2 Gallery% 7 Achievement% 7 Wizard Run 0 Options --------- ASCII 0 Keyboard 0 Movement Mouse Keybinds 0 Fullscreen 1 Font 18/SmallcapsGlow Map View 76x50 Tactical HUD 0 Map Filters NONE Filters NONE Steam 1 RUN: 73222617-f990-4604-b0c7-c8c8ffa1ef5b